 Dungeon Crawl Stone Soup version 0.22-a0-417-g1387785 (webtiles) character file.

9 galech the Sneak (level 2, -1/26 HPs)
             Began as a Gnoll Wanderer on May 14, 2018.
             Slain by a gnoll
             ... wielding a +0 flail
              (8 damage)
             ... on level 1 of the Dungeon.
             The game lasted 00:00:36 (237 turns).

galech the Sneak (Gnoll Wanderer)                    Turns: 237, Time: 00:00:36

Health: -1/26      AC:  7    Str: 14    XL:     2   Next: 16%
Magic:  2/2        EV:  4    Int: 16    God:
Gold:   35         SH:  0    Dex: 12    Spells: 1/1 levels left

rFire    . . .     SeeInvis .   a - +2 dagger
rCold    . . .     Gourm    .   (no shield)
rNeg     . . .     Faith    .   i - +0 scale mail
rPois    .         Spirit   .   (no helmet)
rElec    .         Reflect  .   (no cloak)
rCorr    .         Harm     .   (no gloves)
MR       .....                  (no boots)
Stlth    ++........             (no amulet)
HPRegen  0.08/turn              e - -5 ring of evasion (curse)
MPRegen  0.08/turn              (no ring)

@: no status effects
A: distributed training, fangs 1, strong nose
a: no special abilities


You were on level 1 of the Dungeon.
You were not hungry.

You visited 1 branch of the dungeon, and saw 1 of its levels.

You collected 35 gold pieces.

Inventory:

Hand Weapons
 a - a +2 dagger (weapon)
 c - a +0 mace
Armour
 d - a +0 ring mail
 i - a +0 scale mail (worn)
Jewellery
 e - a cursed -5 ring of evasion (left hand)
Scrolls
 j - a scroll of noise {unknown}
Potions
 b - a potion of berserk rage
 h - a potion of ambrosia {unknown}
Comestibles
 f - a ration
 g - 7 chunks of flesh


   Skills:
 + Level 4.4 Fighting
 + Level 2.4 Short Blades
 + Level 0.3 Long Blades
 + Level 0.3 Axes
 + Level 0.3 Maces & Flails
 + Level 0.3 Polearms
 + Level 0.3 Staves
 + Level 0.3 Slings
 + Level 0.3 Bows
 + Level 0.3 Crossbows
 + Level 0.3 Throwing
 + Level 4.4 Armour
 + Level 0.3 Dodging
 + Level 5.9 Stealth
 + Level 4.4 Shields
 + Level 0.3 Unarmed Combat
 + Level 0.3 Spellcasting
 + Level 0.2 Conjurations
 + Level 0.2 Hexes
 + Level 0.2 Charms
 + Level 0.2 Summonings
 + Level 0.2 Necromancy
 + Level 0.2 Translocations
 + Level 0.2 Transmutations
 + Level 0.2 Fire Magic
 + Level 0.2 Ice Magic
 + Level 0.2 Air Magic
 + Level 0.2 Earth Magic
 + Level 0.2 Poison Magic
 + Level 0.4 Invocations
 + Level 0.3 Evocations


You had one spell level left.
You didn't know any spells.
Your spell library was empty.

Dungeon Overview and Level Annotations

Branches:
Dungeon (1/15)

Altars:


Innate Abilities, Weirdness & Mutations

Your experience applies equally to all skills.
You have very sharp teeth.
Your uncanny sense of smell can sniff out nearby items.


Message History

You are too injured to fight recklessly!
You are too injured to fight recklessly!
You are too injured to fight recklessly!
You are too injured to fight recklessly!
You are too injured to fight recklessly!
You are too injured to fight recklessly!
You are too injured to fight recklessly!
You completely miss the gnoll.
The gnoll is heavily wounded.
You barely miss the gnoll.
The gnoll is heavily wounded.
The gnoll hits you but does no damage.
You barely miss the gnoll.
The gnoll is heavily wounded.
The gnoll hits you with a flail.
* * * LOW HITPOINT WARNING * * *
You hit the gnoll.
The gnoll is severely wounded.
The gnoll hits you with a flail!
You die...

...# ♣♣#♣#
...#♣♣.'.#
#. ∆
...#♣.♣#.#
#.# #
...#♣.♣#.#
#.####.#
...'.♣♣#.#
#$?..#.
...#####'#
#.(#.. ∆ #
...#.....#
#..#.###..#
...#..<..#
#..#.%....#
...#.....#
#..@g(# ∆
##########
#.###.#
#.....#
#.###...#
###### #.#
## #....#
#.# #.##.#
#÷#
#.##.#####.#
#.##.......#


You could see a gnoll.

Vanquished Creatures
  2 leopard geckos (D:1)
  2 kobolds (D:1)
  A bat (D:1)
  2 goblins (D:1)
  A rat (D:1)
8 creatures vanquished.

Notes
Turn   | Place    | Note
-------+----------+-------------------------------------------
     0 | D:1      | galech the Gnoll Wanderer began the quest for the Orb.
     0 | D:1      | galech set off with: a +2 dagger, a potion of berserk rage, a +0 mace, a +0 ring mail, a ration
     0 | D:1      | Reached XP level 1. HP: 20/20 MP: 1/1
   200 | D:1      | Reached XP level 2. HP: 21/26 MP: 2/2
   237 | D:1      | Slain by a gnoll

Vault maps used:
D:1:      scummos_arrival_gate, minmay_tromino_i4

Action                   || total
-------------------------++-------
Melee: Dagger            ||    22
 Stab: Sleeping          ||     1
Armor: Scale mail        ||    10
       Ring mail         ||     5
Dodge: Dodged            ||     3

Table legend:
 A = Spawn XP
 B = Non-spawn XP
 C = Spawn XP percentage of total XP
 D = Spawn monster count
 E = Non-spawn monster count
 F = Spawn count percentage of total count
 G = Total turns spent on level
                    A         B        C        D         E        F      G
               +---------+---------+-------+---------+---------+-------+---------
         Total |       0 |      14 |   0.0 |       0 |       8 |   0.0 |   237
               +---------+---------+-------+---------+---------+-------+---------
           D:1 |       0 |      14 |   0.0 |       0 |       8 |   0.0 |   237
               +---------+---------+-------+---------+---------+-------+---------
